 Dungeon Crawl Stone Soup version 0.31-a0-746-ge8284cb111 (webtiles) character file.

Game seed: 7048785026448637648

182484 GordonOverkill the Eclecticist (level 17, -13/104 HPs)
             Began as a Deep Elf Delver on Sept 14, 2023.
             Was a High Priest of Vehumet.
             Shot with a bolt by Vashnia (34 damage)
             ... on level 4 of the Snake Pit.
             The game lasted 01:14:55 (41353 turns).

GordonOverkill the Eclecticist (Deep Elf Delver)   Turns: 41353, Time: 01:14:56

Health: -13/104    AC: 13    Str:  6    XL:     17   Next: 71%
Magic:  30/52      EV: 18    Int: 27    God:    Vehumet [*****.]
Gold:   2021       SH:  0    Dex: 21    Spells: 28/56 levels left

rFire   + + .        a - +9 rapier of the Shimmering Gods {drain, rF+ SInv}
rCold   + . .        (no shield)
rNeg    . . .        b - +2 robe {rC+ rF+}
rPois   +            v - +2 helmet
rElec   +            m - +0 cloak {rPois}
rCorr   .            D - +1 pair of gloves
SInv    +            I - +2 pair of boots
Will    +....        e - amulet of magic regeneration
Stlth   ++++         P - ring "Okyvocs" {rElec MP+9 Str-3 Int+3 Dex+5}
HPRegen 0.37/turn    w - ring of wizardry
MPRegen 0.73/turn

%: wizardry (x1)
@: no status effects
A: no striking features
a: Renounce Religion


You were on level 4 of the Snake Pit.
You worshipped Vehumet.
Vehumet was extremely pleased with you.
You visited 5 branches of the dungeon, and saw 27 of its levels.
You also visited: Gauntlet.

You collected 3379 gold pieces.
You spent 1358 gold pieces at shops.

Inventory:

Hand Weapons
 a - the +9 rapier of the Shimmering Gods (weapon) {drain, rF+ SInv}
   (You found it on level 9 of the Dungeon)

   rF+:       It protects you from fire.
   SInv:      It lets you see invisible.
 W - the +2 trident "Eleileh" {heavy, Will+++ rCorr SInv Stlth+}
   (You took it off a tengu conjurer on level 15 of the Dungeon)

   Will+++:   It greatly increases your willpower.
   SInv:      It lets you see invisible.
   rCorr:     It protects you from acid and corrosion.
   Stlth+:    It makes you more stealthy.
Armour
 b - a +2 robe of resistance (worn)
 m - a +0 cloak of poison resistance (worn)
 v - a +2 helmet (worn)
 D - a +1 pair of gloves (worn)
 I - a +2 pair of boots (worn)
 Q - a +0 kite shield of reflection
Magical Staves
 N - a staff of earth
Jewellery
 e - an amulet of magic regeneration (around neck)
 h - a ring of ice
 i - a +6 ring of intelligence
 w - a ring of wizardry (right hand)
 x - a ring of ice
 O - an amulet of reflection
 P - the ring "Okyvocs" (left hand) {rElec MP+9 Str-3 Int+3 Dex+5}
   (You acquired it on level 15 of the Dungeon)

   [ring of magical power]

   Str-3:     It affects your strength (-3).
   Int+3:     It affects your intelligence (+3).
   Dex+5:     It affects your dexterity (+5).
   rElec:     It insulates you from electricity.
   MP+9:      It affects your magic capacity (+9).
Wands
 g - a wand of digging (7)
 F - a wand of flame (5)
 H - a wand of quicksilver (6)
 L - a wand of mindburst (8)
 M - a wand of charming (20)
Scrolls
 c - 4 scrolls of fog
 d - 8 scrolls of revelation
 f - a scroll of summoning
 j - 3 scrolls of amnesia
 q - 17 scrolls of teleportation
 t - 2 scrolls of silence
 u - 5 scrolls of blinking
 y - 2 scrolls of immolation
 A - 4 scrolls of fear
 E - a scroll of enchant weapon
 K - 6 scrolls of identify
 X - 3 scrolls of vulnerability
Potions
 k - 5 potions of resistance
 l - 3 potions of invisibility
 n - 5 potions of brilliance
 o - 4 potions of lignification
 p - 7 potions of heal wounds
 r - a potion of haste
 s - 3 potions of attraction
 z - 6 potions of might
 B - 9 potions of mutation
 C - 10 potions of curing
 G - 3 potions of berserk rage
 J - 8 potions of enlightenment
 R - 5 potions of ambrosia
 U - 2 potions of cancellation


   Skills:
 + Level 11.3 Fighting
 - Level 3.0 Short Blades
 - Level 8.0 Dodging
 - Level 6.0 Stealth
 - Level 20.0 Spellcasting
 - Level 20.0 Conjurations
 - Level 3.0 Summonings
 - Level 1.0 Translocations
 - Level 15.0 Earth Magic
 - Level 7.0 Evocations


You had 28 spell levels left.
You knew the following spells:

 Your Spells              Type           Power      Damage    Failure   Level
a - Stone Arrow           Conj/Erth      100%       3d13      0%          3
b - Animate Armour        Summ/Erth      100%       N/A       1%          4
c - Apportation           Tloc           64%        N/A       1%          1
d - Lehudib's Crystal Sp  Conj/Erth      44%        10d11     1%          8
e - Lee's Rapid Deconstr  Erth           41%        3d20*     1%          5
f - Irradiate             Conj/Tmut      34%        3d23      1%          5
g - Passwall              Tmut/Erth      50%        N/A       1%          2

Your spell library contained the following spells:

 Spells                   Type           Power      Damage    Failure   Level
 Ignition                 Fire           13%        3d6       99%         8
 Magic Dart               Conj           100%       1d8       0%          1
 Sandblast                Erth           100%       2d20      0%          1
 Necrotise                Necr           100%       1d9       1%          1
 Summon Small Mammal      Summ           100%       N/A       1%          1
 Call Imp                 Summ           86%        N/A       1%          2
 Cigotuvi's Dreadful Rot  Necr/Pois/Air  54%        N/A       1%          2
 Ensorcelled Hibernation  Hex/Ice        54%        N/A       1%          2
 Jinxbite                 Hex            54%        N/A       1%          2
 Wereblood                Tmut           27%        N/A       1%          2
 Dazzling Flash           Conj/Hex       100%       N/A       1%          3
 Ignite Poison            Fire/Tmut/Pois 27%        N/A       1%          3
 Inner Flame              Hex/Fire       27%        N/A       1%          3
 Mephitic Cloud           Conj/Pois/Air  58%        N/A       1%          3
 Flame Wave               Conj/Fire      69%        2d16      1%          4
 Leda's Liquefaction      Hex/Erth       30%        N/A       1%          4
 Sticky Flame             Conj/Fire      69%        2d8       1%          4
 Arcjolt                  Conj/Air       34%        1d44      1%          5
 Freezing Cloud           Conj/Ice/Air   29%        6-21      1%          5
 Leda's Unmaking          Conj/Erth      44%        9d7       1%          6
 Summon Lightning Spire   Summ/Air       35%        N/A       3%          4
 Vhi's Electric Charge    Tloc/Air       58%        N/A       4%          4
 Anguish                  Hex/Necr       13%        N/A       6%          4
 Animate Dead             Necr           27%        N/A       6%          4
 Dispel Undead            Necr           27%        3d13      6%          4
 Summon Forest            Summ/Tloc      18%        N/A       8%          5
 Agony                    Necr           27%        N/A       16%         5
 Alistair's Intoxication  Tmut/Pois      18%        N/A       16%         5
 Silence                  Hex/Air        13%        N/A       16%         5
 Eringya's Noxious Bog    Tmut/Pois      13%        4d6       24%         6
 Summon Hydra             Summ           21%        N/A       80%         7
 Maxwell's Capacitive Co  Air            13%        ∞         99%         8


Dungeon Overview and Level Annotations

Branches:
Dungeon (15/15)            Temple (1/1) D:4            Lair (5/5) D:9
  Swamp (0/4) Lair:3        Snake (4/4) Lair:2        Slime (0/5) Lair:5
    Orc (2/2) D:12            Elf (0/3) Orc:2        Vaults (0/5) D:14
 Depths (0/4) D:15        Gauntlet (visited)

Altars:
Ashenzari
Cheibriados
Dithmenos
Elyvilon
Fedhas
Gozag
Hepliaklqana
Kikubaaqudgha
Makhleb
Nemelex Xobeh
Okawaru
Qazlal
Ru
Sif Muna
Trog
Uskayaw
Vehumet
Wu Jian
Xom
Yredelemnul
Zin
The Shining One
Jiyva

Shops:
D:4 !   D:6 ?   D:7 :?[:   D:8 *   Orc:2 :*??

Annotations:
D:2 1 runed translucent door, Crazy Yiuf
D:13 3 runed translucent doors, Dnvifnvgi's ghost, journeyman MiFi
Snake:4 Vashnia


Message History

Confirm with . or Enter, or press ? or * to list all spells.
Aiming: Lehudib's Crystal Spear (dangerous; 1% risk of failure)
Press: ? - help, Shift-Dir - straight line, f - Vashnia
Aim: Vashnia, wielding a +0 arbalest and wearing a +2 barding of cold resistance (63% to hit)
The crystal spear hits Vashnia!!!
Vashnia is heavily wounded.
The naga sharpshooter shouts!
The naga sharpshooter spits poison at you.
The splash of poison misses you.
Vashnia gestures wildly while chanting.
Vashnia blinks!
The naga sharpshooter shoots an arrow.
The arrow closely misses you.
Casting: Lehudib's Crystal Spear (dangerous; 1% risk of failure)
Confirm with . or Enter, or press ? or * to list all spells.
Aiming: Lehudib's Crystal Spear (dangerous; 1% risk of failure)
Press: ? - help, Shift-Dir - straight line, f/p - Vashnia
Aim: Vashnia, wielding a +0 arbalest and wearing a +2 barding of cold resistance (heavily wounded, 63% to hit)
The crystal spear hits Vashnia!!!
Vashnia is severely wounded.
You hear a shout!
The naga sharpshooter shoots an arrow.
The arrow hits you!
The naga sharpshooter casts a spell.
The naga sharpshooter magically shoots an arrow.
The arrow closely misses you.
Vashnia casts a spell.
Vashnia magically shoots a bolt.
The bolt hits you!!
* * * LOW HITPOINT WARNING * * *
Casting: Lehudib's Crystal Spear (dangerous; 1% risk of failure)
Confirm with . or Enter, or press ? or * to list all spells.
Aiming: Lehudib's Crystal Spear (dangerous; 1% risk of failure)
Press: ? - help, Shift-Dir - straight line, f/p - Vashnia
Aim: Vashnia, wielding a +0 arbalest and wearing a +2 barding of cold resistance (severely wounded, 63% to hit)
The crystal spear misses Vashnia.
The naga sharpshooter gestures wildly while chanting.
The naga sharpshooter magically shoots an arrow.
The arrow hits you!!
* * * LOW HITPOINT WARNING * * *
Vashnia shoots a bolt.
The bolt hits you!!
You die...
Vashnia says, "All clear.
Let's check for more."

### ### #.# #######.# ##.# #.##
#...#.... #..# #.§## #........
##..# #..N### #........
#...####.....#####..#####
##.....###....#...####..#. ###
###.....##.@....#..........#
#.####.....###.##...N#.........##
#.........##...#.....N..........#
#.........#....#.....#N.......<##
#........)#....#.....#.........##
#.....†...#....#.....#..........#
#..###....#....#.....#...#...###.
#.## ##...'...##.....#########.##
#.# ##..#..##..................


You could see Vashnia and 3 naga sharpshooters.

Vanquished Creatures
  Nikola (Snake:3)
  Jorgrun (Orc:1)
  Gastronok (D:11)
  Agnes (Snake:4)
  Donald (Snake:4)
  2 nagarajas
  The ghost of Ibbikehely the Wallflower, a journeyman DsAr of Uskayaw (D:14)
  A stone giant (D:15)
  A dire elephant (Gauntlet)
  A minotaur (Gauntlet)
  An ettin (Orc:2)
  2 crystal guardians (D:15)
  Josephine (D:10)
  Fannar (D:10)
  A centaur warrior (D:15)
  8 hydras
  2 salamander tyrants (Snake:4)
  2 catoblepae
  An alligator (Lair:3)
  Erica (Orc:1)
  5 boulder beetles
  3 ogre magi
  8 anacondas
  13 two-headed ogres
  5 death yaks
  5 naga warriors
  2 tengu warriors (D:15)
  7 naga sharpshooters
  4 shock serpents
  A deep elf knight (D:13)
  2 sea snakes (Snake:2)
  A fire crab (Lair:5)
  2 salamander mystics
  13 skeletal warriors
  2 skysharks
  A flayed ghost (D:14)
  3 swamp dragons (Lair:3)
  6 naga ritualists
  An orc knight (D:12)
  4 lindwurms
  5 deep elf pyromancers
  10 mana vipers
  2 orange crystal statues
  A deep elf zephyrmancer (D:13)
  8 ugly things
  2 oklob plants (Lair:3)
  15 salamanders
  10 orc sorcerers
  6 cyclopes
  6 manticores
  Maurice (D:9)
  7 elephants
  4 guardian serpents
  An eye of devastation (Gauntlet)
  13 naga magi
  50 black mambas
  A torpor snail (Lair:4)
  2 gargoyles
  4 cane toads
  5 rime drakes
  4 unseen horrors
  2 kobold demonologists
  2 tengu conjurers
  A yaktaur (D:13)
  3 efreet
  10 komodo dragons
  6 polar bears
  A freezing wraith (D:13)
  3 trolls
  3 hornets
  3 meliai (D:14)
  7 blink frogs
  A wind drake (shapeshifter) (D:15)
  A raiju (shapeshifter) (D:14)
  4 wyverns
  2 vampires
  A shadow (D:13)
  2 slime creatures (D:13)
  24 yaks
  5 wraiths
  A golden eye (Gauntlet)
  2 steam dragons (D:8)
  7 basilisks
  12 vampire mosquitoes
  4 swamp worms (Lair:3)
  6 wargs
  24 nagas
  5 acid dragons
  18 water moccasins
  2 swamp drakes (Lair:3)
  A floating eye (Gauntlet)
  A sky beast (shapeshifter) (D:15)
  8 black bears
  19 orc warriors
  3 ice beasts
  9 ogres
  4 boggarts (D:15)
  A phantom (D:5)
  12 wolves
  8 centaurs
  15 bullfrogs
  7 kobold brigands
  2 scorpions
  10 wights
  6 killer bees (D:7)
  2 electric eels
  A howler monkey (D:5)
  A hound (D:4)
  14 orc priests
  A sleepcap (D:5)
  A jelly (Lair:5)
  3 iguanas
  Ijyb (D:4)
  45 orc wizards
  2 hell rats
  Robin (D:2)
  8 adders
  8 gnolls
  6 white imps
  4 ufetubi
  2 worms
  3 dart slugs (D:1)
  98 orcs
  4 bats
  8 endoplasms
  2 giant cockroaches (D:3)
  21 goblins
  10 hobgoblins
  4 quokkas (D:1)
  5 ball pythons
  7 frilled lizards
  26 kobolds
  7 rats
839 creatures vanquished.

Notes
Turn   | Place    | Note
-------+----------+-------------------------------------------
     0 | D:5      | GordonOverkill the Deep Elf Delver began the quest for the
                  | Orb.
     0 | D:5      | Reached XP level 1. HP: 13/13 MP: 3/3
    15 | D:6      | Noticed an orc priest
    18 | D:6      | Killed an orc priest
    19 | D:6      | Reached XP level 2. HP: 19/19 MP: 4/4
    19 | D:6      | Reached XP level 3. HP: 23/23 MP: 5/5
    62 | D:5      | Noticed an ogre
    71 | D:5      | Noticed a black bear
    97 | D:5      | Noticed a phantom
   137 | D:5      | Killed a phantom
   138 | D:5      | Reached XP level 4. HP: 20/28 MP: 5/10
   189 | D:4      | Noticed a scorpion
   224 | D:5      | Killed a black bear
   225 | D:5      | Reached XP level 5. HP: 22/32 MP: 10/13
   388 | D:5      | Reached skill level 5 in Spellcasting
   388 | D:5      | Reached XP level 6. HP: 23/37 MP: 15/15
  1244 | D:1      | Reached skill level 5 in Conjurations
  1809 | D:2      | Noticed Robin
  1863 | D:2      | Killed Robin
  2174 | D:2      | Found a runed translucent door.
  2175 | D:2      | Noticed Crazy Yiuf
  2402 | D:2      | Learned a level 3 spell: Stone Arrow
  2536 | D:2      | Reached XP level 7. HP: 37/41 MP: 1/17
  3703 | D:4      | Noticed Ijyb
  3709 | D:4      | Killed Ijyb
  3710 | D:4      | Reached skill level 1 in Earth Magic
  4437 | D:4      | Found a staircase to the Ecumenical Temple.
  4474 | D:4      | Found Wuniuffe's Distillery.
  4480 | D:4      | Bought a potion of heal wounds for 60 gold pieces
  4480 | D:4      | Bought a potion of berserk rage for 60 gold pieces
  4885 | Temple   | Entered the Ecumenical Temple
  4892 | Temple   | Became a worshipper of Vehumet
  5917 | D:6      | Learned a level 4 spell: Animate Armour
  6054 | D:6      | Reached skill level 5 in Earth Magic
  6316 | D:6      | Reached XP level 8. HP: 46/46 MP: 12/19
  6680 | D:6      | Found Zoroik's Magic Scroll Shoppe.
  6994 | D:6      | Reached skill level 1 in Evocations
  7719 | D:7      | Found a basalt altar of Yredelemnul.
  7719 | D:7      | Found a stormy altar of Qazlal.
  7719 | D:7      | Found a shadowy altar of Dithmenos.
  7719 | D:7      | Found a broken altar of Ashenzari.
  7886 | D:7      | Found a snail-covered altar of Cheibriados.
  7886 | D:7      | Found a glowing golden altar of the Shining One.
  7931 | D:7      | Reached * piety under Vehumet
  7931 | D:7      | Offered knowledge of Magic Dart by Vehumet.
  8188 | D:7      | Found Beupeuv's Book Shop.
  8231 | D:6      | Reached XP level 9. HP: 43/50 MP: 18/23
  8749 | D:7      | Found Vaimpaf's Book Shop.
  8761 | D:7      | Learned a level 1 spell: Apportation
  8941 | D:7      | Found Vonkero's Armour Shop.
  8942 | D:7      | Found Wuyng's Magic Scroll Boutique.
  9179 | D:8      | Noticed a cyan ugly thing
  9184 | D:8      | Killed a cyan ugly thing
  9185 | D:8      | Reached skill level 1 in Translocations
  9493 | D:8      | Reached skill level 10 in Spellcasting
  9501 | D:8      | Reached ** piety under Vehumet
  9515 | D:8      | Offered knowledge of Freeze by Vehumet.
  9647 | D:8      | Found Ivear's Overcharged Wands.
 10304 | D:8      | Reached XP level 10. HP: 56/56 MP: 13/26
 10714 | D:9      | Reached skill level 10 in Earth Magic
 10809 | D:9      | Identified the +9 rapier of the Shimmering Gods {drain, rF+
                  | SInv}
 10994 | D:9      | Offered knowledge of Frozen Ramparts by Vehumet.
 11125 | D:9      | Noticed a boulder beetle
 11132 | D:9      | Killed a boulder beetle
 11206 | D:9      | Identified the +6 chain mail of Apathy {Str+5 SInv}
 11388 | D:9      | Noticed Maurice
 11407 | D:9      | Killed Maurice
 11594 | D:9      | Reached *** piety under Vehumet
 11882 | D:9      | Found a staircase to the Lair.
 12646 | D:9      | Found a staircase to the Lair.
 12788 | D:10     | Entered Level 10 of the Dungeon
 12798 | D:10     | Learned a level 8 spell: Lehudib's Crystal Spear
 12806 | D:10     | Noticed Fannar
 12927 | D:10     | Killed Fannar
 13272 | D:10     | Found a hazy altar of Hepliaklqana.
 13316 | D:10     | Offered knowledge of Olgreb's Toxic Radiance by Vehumet.
 13349 | D:10     | Noticed a two-headed ogre
 13352 | D:10     | Killed a two-headed ogre
 13353 | D:10     | Reached skill level 5 in Fighting
 13353 | D:10     | Reached XP level 11. HP: 63/63 MP: 17/29
 13516 | D:10     | Noticed Josephine
 13523 | D:10     | Killed Josephine
 14684 | Lair:1   | Entered Level 1 of the Lair of Beasts
 14697 | Lair:1   | Reached skill level 15 in Spellcasting
 14789 | Lair:1   | Reached **** piety under Vehumet
 15160 | Lair:1   | Offered knowledge of Lee's Rapid Deconstruction by Vehumet.
 15169 | Lair:1   | Learned a level 5 spell: Lee's Rapid Deconstruction
 16283 | Lair:2   | Reached XP level 12. HP: 68/68 MP: 17/33
 16651 | Lair:2   | Noticed a five-headed hydra
 16752 | Lair:2   | Killed a five-headed hydra
 16849 | Lair:2   | Found a staircase to the Snake Pit.
 17036 | Lair:2   | Reached skill level 15 in Earth Magic
 17300 | Lair:2   | Noticed a five-headed hydra
 17308 | Lair:2   | Killed a five-headed hydra
 18426 | Lair:3   | Found a staircase to the Swamp.
 18430 | Lair:3   | Reached ***** piety under Vehumet
 18459 | Lair:3   | Reached skill level 10 in Conjurations
 18532 | Lair:3   | Offered knowledge of Irradiate by Vehumet.
 18540 | Lair:3   | Learned a level 5 spell: Irradiate
 18777 | Lair:3   | Noticed an alligator
 19102 | Lair:3   | Found a blossoming altar of Fedhas.
 19543 | Lair:3   | Noticed a seven-headed hydra
 19553 | Lair:3   | Killed a seven-headed hydra
 19796 | Lair:3   | Killed an alligator
 20111 | Lair:4   | Reached XP level 13. HP: 72/72 MP: 30/34
 21983 | Lair:5   | Entered Level 5 of the Lair of Beasts
 22586 | Lair:5   | Found a viscous altar of Jiyva.
 22587 | Lair:5   | Found a staircase to the Slime Pits.
 23684 | Lair:5   | Reached skill level 15 in Conjurations
 24862 | Lair:5   | Offered knowledge of Conjure Ball Lightning by Vehumet.
 25336 | Lair:5   | Found a staircase to the Slime Pits.
 25338 | Lair:5   | Found a viscous altar of Jiyva.
 25508 | Lair:5   | Reached XP level 14. HP: 83/83 MP: 15/35
 26628 | D:11     | Noticed Gastronok
 26634 | D:11     | Killed Gastronok
 26944 | D:11     | Reached skill level 5 in Dodging
 27037 | D:11     | Reached XP level 15. HP: 88/88 MP: 36/36
 27583 | D:12     | Found a staircase to the Orcish Mines.
 28416 | D:13     | Offered knowledge of Arcjolt by Vehumet.
 28868 | D:13     | Identified the +11 mace of Cataclysm {pain, *Slow rElec
                  | rCorr}
 29066 | D:13     | Found a runed translucent gate.
 29066 | D:13     | Found a runed translucent gate.
 29066 | D:13     | Found a runed translucent gate.
 29116 | D:13     | Found an opulent altar of Gozag.
 29116 | D:13     | Noticed Dnvifnvgi's ghost (journeyman MiFi)
 30119 | D:14     | Identified the +1 hand axe of the Asp {pain, Fragile rElec
                  | rC+}
 30218 | D:14     | Found a gate to the Vaults.
 30387 | D:14     | Found a runed translucent door.
 30389 | D:14     | Noticed Ibbikehely's ghost (journeyman DsAr)
 30511 | D:14     | Killed Ibbikehely's ghost
 30767 | D:15     | Entered Level 15 of the Dungeon
 30789 | D:15     | Identified a scroll of acquirement
 30792 | D:15     | Acquired the ring "Okyvocs" {rElec MP+9 Str-3 Int+3 Dex+5}
 30853 | D:15     | Found a gate leading to a gauntlet.
 30862 | Gauntlet | Entered a Gauntlet
 30862 | Gauntlet | Found a transporter.
 30862 | Gauntlet | Found a transporter.
 30862 | Gauntlet | Found a transporter.
 30866 | Gauntlet | Found a transporter.
 30866 | Gauntlet | Found a transporter.
 30868 | Gauntlet | Found a transporter.
 30876 | Gauntlet | Found a transporter.
 30880 | Gauntlet | Found a transporter.
 30892 | Gauntlet | Found a transporter.
 30991 | Gauntlet | Found a transporter.
 30995 | Gauntlet | Found a transporter.
 31005 | Gauntlet | Found a transporter.
 31238 | Gauntlet | Reached XP level 16. HP: 70/93 MP: 16/40
 31348 | Gauntlet | Identified the +2 pair of boots of the Evening {-Cast rC+
                  | Regen+}
 31361 | Gauntlet | Identified the +0 plate armour of the Learner {rPois}
 31604 | D:15     | Offered knowledge of Yara's Violent Unravelling by Vehumet.
 31977 | D:15     | Found a runed translucent door.
 32228 | D:15     | Found a staircase to the Depths.
 32359 | D:15     | Identified the +2 trident "Eleileh" {heavy, Will+++ rCorr
                  | SInv Stlth+}
 32429 | D:15     | Identified the +5 dagger of Qazlal {flame, Fragile rPois
                  | Dex+2}
 32549 | Orc:1    | Entered Level 1 of the Orcish Mines
 33088 | Orc:1    | Noticed Erica
 33094 | Orc:1    | Killed Erica
 33095 | Orc:1    | Noticed Jorgrun
 33112 | Orc:1    | Killed Jorgrun
 33121 | Orc:1    | Reached skill level 10 in Fighting
 33426 | Orc:2    | Entered Level 2 of the Orcish Mines
 33459 | Orc:2    | Found a staircase to the Elven Halls.
 33805 | Orc:2    | Offered knowledge of Plasma Beam by Vehumet.
 33916 | Orc:2    | Paralysed by an orc sorcerer for 5 turns
 33935 | Orc:2    | Paralysed by an orc sorcerer for 4 turns
 34147 | Orc:2    | Found Univ Famo's Magic Scroll Shoppe.
 34147 | Orc:2    | Found Egum's Magic Scroll Boutique.
 34663 | Orc:2    | Found Laas's Book Shoppe.
 34663 | Orc:2    | Found Ujiol's Assorted Antiques.
 34677 | Orc:2    | Bought a scroll of blinking for 255 gold pieces
 34677 | Orc:2    | Bought a potion of curing for 102 gold pieces
 34677 | Orc:2    | Bought a potion of curing for 102 gold pieces
 34677 | Orc:2    | Bought a scroll labelled VAICY RUM LEC for 34 gold pieces
 34677 | Orc:2    | Bought a scroll of teleportation for 102 gold pieces
 34767 | Orc:2    | Bought a scroll of blinking for 112 gold pieces
 34767 | Orc:2    | Bought a scroll of teleportation for 45 gold pieces
 34767 | Orc:2    | Bought a scroll of teleportation for 45 gold pieces
 34767 | Orc:2    | Bought a scroll of revelation for 112 gold pieces
 34767 | Orc:2    | Bought a scroll of blinking for 112 gold pieces
 34776 | Orc:2    | Bought a scroll of blinking for 112 gold pieces
 34776 | Orc:2    | Bought a scroll of teleportation for 45 gold pieces
 34776 | Orc:2    | Bought a scroll of fear for 60 gold pieces
 34964 | Snake:1  | Entered Level 1 of the Snake Pit
 35478 | Snake:1  | Offered knowledge of Ozocubu's Refrigeration by Vehumet.
 37122 | Snake:2  | Reached XP level 17. HP: 102/102 MP: 43/43
 37625 | Snake:2  | Got the Catalogue of Flesh and Gloom
 37639 | Snake:2  | Offered knowledge of Ignition by Vehumet.
 38373 | Snake:3  | Noticed Nikola
 38386 | Snake:3  | Killed Nikola
 38727 | Snake:3  | Learned a level 2 spell: Passwall
 39703 | Snake:4  | Entered Level 4 of the Snake Pit
 39758 | Snake:4  | Noticed Donald
 39858 | Snake:4  | Noticed Vashnia
 40490 | Snake:4  | Killed Donald
 40701 | Snake:4  | Identified the +5 scale mail "Varelul" {Dex+3}
 41261 | Snake:4  | Noticed Agnes
 41267 | Snake:4  | Killed Agnes
 41353 | Snake:4  | Shot with a bolt by Vashnia

Illustrated notes

Levels and vault maps discovered:
D:1:      grunt_arrival_lava_bath, layout_rooms
D:2:      layout_loops_ring, uniq_robin, uniq_crazy_yiuf_cottage
D:3:      layout_loops_cross
D:4:      layout_basic, minmay_temple_entry_ruins, serial_shops,
          nicolae_shop_trees, uniq_ijyb
D:5:      layout_gridville
D:6:      hellmonk_ruined_rings, layout_basic, serial_shops,
          nicolae_diamond_shop
D:7:      layout_rooms, grunt_temple_overflow_open, serial_shops, shop_statue,
          shop, nicolae_lakefront_shop,
          nicolae_shop_temple_entry_statues_fountains
D:8:      layout_basic, nicolae_shop_overcharged_wands
D:9:      layout_small_grid, due_lair_maze_entry_diamond,
          small_chamber_with_monster, uniq_maurice
D:10:     layout_long_grid, nicolae_hepliaklqana_hazy_memory, serial_ice,
          serial_ice_d, serial_ice_h, serial_ice_b, serial_ice_j, serial_ice_g,
          serial_ice_e, serial_ice_n, serial_ice_c, serial_ice_a, serial_ice_f,
          uniq_josephine, uniq_fannar
D:11:     layout_irregular_city, uniq_gastronok
D:12:     layout_cave_pools, erik_orc_4
D:13:     minmay_the_grid_four_pointed_star
          [minmay_the_grid_triangle_9x9_swiss_cheese,
          minmay_the_grid_triangle_9x9_from_above,
          minmay_the_grid_triangle_9x9_skeleton,
          minmay_the_grid_triangle_9x9_windchime,
          minmay_the_grid_prize_four_corners], layout_long_grid,
          ebering_ghost_gozag, grunt_decor_resistance
D:14:     layout_loops_ring, hellmonk_vaults_attempted_burglary,
          nicolae_elevator_lobby_plus, ebering_ghost_reflecting_pool
D:15:     grunt_enter_depths_snipers, layout_basic, minivault_24,
          gauntlet_entry_generic, minmay_crystal_box
Temple:   nicolae_temple_no_exploring_needed
Lair:1:   layout_regular_city, small_statue_intersection, wad_woods_river_01
Lair:2:   layout_chaotic_city, minmay_snake_entry_six_corridors
Lair:3:   onia_ninara_swampy_vault, layout_gridlike, swamp_mist_pool,
          minivault_25, hangedman_tree_tricks, grunt_forest_large_clearings
Lair:4:   layout_long_grid, serial_bayou_shore_b
Lair:5:   hangedman_lair_in_review, layout_cave_pods,
          nicolae_slime_entry_slimehenge, nzn_sisyphean_effort
Snake:1:  layout_misc_corridors, st_stairs_4, grunt_megastairs_5
Snake:2:  layout_basic, nicolae_snake_gridmaze_spiral, st_stairs_8
Snake:3:  layout_honeycomb, nicolae_snake_omega, uniq_nikola
Snake:4:  hellmonk_snake_rune_quicksilver_temple, layout_cave_town,
          uniq_vashnia, uniq_agnes, uniq_donald
Orc:1:    layout_diamond_mine, uniq_jorgrun, uniq_erica
Orc:2:    st_orc_town, layout_diamond_mine

Skill      XL: |  1  2  3  4  5  6  7  8  9 10 11 12 13 14 15 16 17 |
---------------+----------------------------------------------------+-----
Fighting       | 3 4 5 7 8 10 11 | 11.3
Short Blades   | 3 |  3.0
Spellcasting   | 3 4 5 6 8 10 12 15 18 20 | 20.0
Conjurations   | 2 3 5 6 11 15 16 18 20 | 20.0
Dodging        | 3 5 8 |  8.0
Earth Magic    | 5 7 9 12 14 15 | 15.0
Summonings     | 2 3 |  3.0
Evocations     | 2 7 |  7.0
Translocations | 1 |  1.0
Stealth        | |  6.0

Action                     |  1- 3 |  4- 6 |  7- 9 | 10-12 | 13-15 | 16-18 || total
---------------------------+-------+-------+-------+-------+-------+-------++-------
  Melee: Short sword       |     1 |       |       |       |       |       ||     1
         Dagger            |    36 |   312 |    45 |       |       |       ||   393
         Punch             |     1 |     2 |       |       |       |       ||     3
         Whip              |       |       |     9 |       |       |       ||     9
         Rapier            |       |       |       |     9 |     8 |    29 ||    46
   Cast: Stone Arrow       |       |     7 |   194 |   305 |   198 |   121 ||   825
         Animate Armour    |       |       |     1 |       |       |       ||     1
         Lee's Rapid Decon |       |       |       |    59 |   192 |   190 ||   441
         Irradiate         |       |       |       |     2 |     5 |    10 ||    17
         Lehudib's Crystal |       |       |       |       |    62 |   192 ||   254
  Evoke: Wand              |       |       |     4 |    11 |       |       ||    15
    Use: Potion            |       |     1 |       |     1 |     3 |     2 ||     7
         Scroll            |       |     3 |     3 |    11 |    14 |     1 ||    32
   Stab: Sleeping          |     1 |    12 |       |       |       |       ||    13
         Distracted        |       |     3 |       |       |       |       ||     3
 Armour: Leather armour    |    18 |   179 |    27 |       |       |       ||   224
         Robe              |       |       |    47 |    82 |    74 |   117 ||   320
  Dodge: Dodged            |    15 |   180 |    77 |    60 |    52 |   147 ||   531

Table legend: (Time is in decaauts)
 A = Elapsed time spent in this place.
 B = Non-inter-level travel time spent in this place.
 C = Inter-level travel time spent in this place.
 D = Time resting spent in this place.
 E = Time spent auto-exploring this place.
 F = Levels seen in this place.
 G = Mean time per level.
                   A        B        C        D        E       F      G
               +--------+--------+--------+--------+--------+-----+--------+
         Total |  41425 |  39369 |   2056 |  18193 |  15481 |  28 | 1479.5 |
       Dungeon |  20902 |  19684 |   1218 |   8078 |   8401 |  15 | 1393.5 |
        Temple |     14 |      8 |      6 |      0 |      0 |   1 |   14.0 |
          Lair |  12267 |  11787 |    480 |   6568 |   4068 |   5 | 2453.4 |
     Snake Pit |   5747 |   5522 |    225 |   2573 |   2093 |   4 | 1436.8 |
  Orcish Mines |   1967 |   1842 |    125 |    741 |    776 |   2 |  983.5 |
      Gauntlet |    525 |    525 |      0 |    233 |    141 |   1 |  525.0 |
               +--------+--------+--------+--------+--------+-----+--------+

Top non-repeatable levels by time:
  Lair:5: 3731 daAuts
  Lair:2: 2578 daAuts
  Lair:3: 2357 daAuts
 Snake:3: 2150 daAuts
     D:9: 2085 daAuts
  Lair:4: 2015 daAuts
     D:6: 1991 daAuts
    D:10: 1870 daAuts
     D:8: 1825 daAuts
     D:5: 1676 daAuts
  Lair:1: 1584 daAuts
 Snake:2: 1537 daAuts
    D:13: 1519 daAuts
     D:4: 1479 daAuts
   Orc:2: 1397 daAuts
